 Dungeon Crawl Stone Soup version 0.16.2-2-g470672f (webtiles) character file.

245698 dvd the Peltast (level 19, 0/165 HPs)
             Began as a Minotaur Fighter on Aug 30, 2015.
             Was a High Priest of Okawaru.
             Killed from afar by a deep elf annihilator (11 damage)
             ... with a poison arrow
             ... on level 3 of the Elven Halls on Sept 2, 2015.
             The game lasted 07:25:26 (52704 turns).

dvd the Peltast (Minotaur Fighter)                 Turns: 52704, Time: 07:25:26

Health: 0/165      AC: 32    Str: 33    XL:     19   Next: 18%
Magic:  18/18      EV: 24    Int:  9    God:    Okawaru [*****.]
Gold:   2983       SH: 25    Dex: 21    Spells: 0 memorised, 18 levels left

rFire  + . .     SeeInvis .     a - +5 mace "Qehae" {holy, MR+ Int+4 Stlth-}
rCold  . . .     Clarity  .     y - +8 chain mail {rF+}
rNeg   + . .     SustAb   .     x - +5 shield {reflect}
rPois  +         Gourm    .     p - +2 hat of the Journeyman {rCorr}
rElec  .         Spirit   .     f - +1 cloak of the Pit {MR+}
rCorr  +         Warding  .     X - +0 pair of gloves of the Frog {rPois Dex+5}
rMut   .         Stasis   .     U - +1 pair of boots
MR     ++++.                    C - amulet "Remoir" {+Rage rN+}
Stlth  ..........               O - +5 ring of dexterity
                                t - ring of protection from magic

@: mighty, lethally poisoned (0 -> -1), heroism, incredibly resistant to hostile
enchantments, extremely unstealthy
A: retaliatory headbutt, horns 2
a: Heroism, Finesse, Renounce Religion, Evoke Berserk Rage
}: 1/15 runes: gossamer


You were on level 3 of the Elven Halls.
You worshipped Okawaru.
Okawaru was extremely pleased with you.
You were very full.

You visited 6 branches of the dungeon, and saw 36 of its levels.
You also visited: Labyrinth, Ossuary, Ice Cave, Volcano and Wizlab.

You collected 3424 gold pieces.
You spent 441 gold pieces at shops.

Inventory:

Hand weapons
 a - the +5 mace "Qehae" (weapon) {holy, MR+ Int+4 Stlth-}
   (You found it on level 9 of the Dungeon)

   It has been blessed by the Shining One to cause great damage to the undead
   and demons.
   It affects your intelligence (+4).
   It affects your resistance to hostile enchantments.
   It makes you less stealthy.
 b - a +7 greatsling of velocity
 J - the +0 demon blade "Zainifik" {flame, MR+ Dex+5}
   (You found it on level 3 of the Lair of Beasts)

   It has been specially enchanted to burn those struck by it, causing extra
   injury to most foes and up to half again as much damage against particularly
   susceptible opponents.
   Big, fiery blades are also staple armaments of hydra-hunters.
   It affects your dexterity (+5).
   It affects your resistance to hostile enchantments.
Missiles
 q - 2 steel tomahawks (quivered)
 v - 15 sling bullets
 H - 11 silver tomahawks
 L - 25 steel sling bullets
 Q - 7 tomahawks of dispersal
 T - 17 silver sling bullets
 V - 18 tomahawks
Armour
 f - the +1 cloak of the Pit (worn) {MR+}
   (You found it in a wizard's laboratory)

   It affects your resistance to hostile enchantments.
 p - the +2 hat of the Journeyman (worn) {rCorr}
   (Okawaru gifted it to you on level 1 of the Spider Nest)

   It protects you from acid and corrosion.
 s - a +2 cloak of poison resistance
 x - a +5 shield of reflection (worn)
 y - a +8 chain mail of fire resistance (worn)
 U - a +1 pair of boots (worn)
 X - the +0 pair of gloves of the Frog (worn) {rPois Dex+5}
   (You acquired it on level 4 of the Lair of Beasts)

   It affects your dexterity (+5).
   It protects you from poison.
Magical staves
 c - an uncursed staff of cold
Jewellery
 r - an uncursed amulet of resist corrosion
 t - a ring of protection from magic (left hand)
 C - the amulet "Remoir" (around neck) {+Rage rN+}
   (You found it on level 6 of the Lair of Beasts)

   [amulet of rage]

   It protects you from negative energy.
   It lets you go berserk.
 D - an uncursed ring of flight
 E - an uncursed amulet of resist mutation
 F - the amulet "Twoen" {Clar rF- rN+ Str+3 Dex+3}
   (You found it on level 13 of the Dungeon)

   [amulet of clarity]

   It provides mental clarity.
   It affects your strength (+3).
   It affects your dexterity (+3).
   It makes you vulnerable to fire.
   It protects you from negative energy.
 G - an uncursed ring of protection from fire
 O - a +5 ring of dexterity (right hand)
 R - an uncursed amulet of warding
 W - an uncursed amulet of guardian spirit
Magical devices
 e - a wand of heal wounds (9)
 h - a wand of fire (6)
 o - a wand of fire (9)
 w - a wand of digging (15)
 A - a wand of fireball (5)
 S - a wand of cold (9)
 Z - a wand of disintegration (16)
Scrolls
 g - 4 scrolls of remove curse
 i - 2 scrolls of magic mapping
 k - 4 scrolls of recharging
 I - 4 scrolls of teleportation
 K - 4 scrolls of blinking
 P - 3 scrolls of identify
Potions
 l - 2 potions of haste
 m - 5 potions of curing
 u - 2 potions of cancellation
 Y - a potion of heal wounds
Miscellaneous
 B - an ornate deck of defence {the Shadow, drawn: 2}
Comestibles
 d - 10 bread rations
 j - 23 fruits
 n - 12 meat rations
 z - 11 beef jerkies
 N - 9 slices of pizza


   Skills:
 + Level 13.6(18.6) Fighting
 + Level 1.3(6.3) Long Blades
   Level 1.3(15.4) Axes
 + Level 15.0(20.1) Maces & Flails
   Level 3.9(9.6) Polearms
 + Level 3.3(15.8) Staves
 + Level 16.2(21.5) Slings
 + Level 5.4(16.3) Throwing
 + Level 14.5(19.5) Armour
 + Level 12.2(17.2) Dodging
 + Level 2.5(7.5) Stealth
 + Level 19.7(24.7) Shields
 + Level 3.5 Invocations
 + Level 2.7 Evocations


You had 18 spell levels left.
You didn't know any spells.

Dungeon Overview and Level Annotations

Branches:
Dungeon (15/15)            Temple (1/1) D:5            Lair (8/8) D:8
  Swamp (0/5) Lair:4       Spider (5/5) Lair:4        Slime (0/6) Lair:8
    Orc (4/4) D:11            Elf (3/3) Orc:3        Vaults (0/5) D:14
 Depths (0/5) D:15

Altars:
Ashenzari
Cheibriados
Dithmenos
Elyvilon
Fedhas
Gozag
Kikubaaqudgha
Makhleb
Nemelex Xobeh
Okawaru
Qazlal
Ru
Sif Muna
Trog
Vehumet
Xom
Yredelemnul
Zin
The Shining One
Jiyva

Shops:
D:4 ?   D:7 [   Orc:3 ?   Orc:4 *(*[   Elf:2 %

Annotations:
Elf:1 SirRandom's ghost, mighty FoFi
Elf:2 3 runed doors


Innate Abilities, Weirdness & Mutations

You reflexively headbutt those who attack you in melee.
You have a pair of horns on your head.


Message History

The deep elf annihilator blinks!
You hit the deep elf sorcerer.
You kill the deep elf sorcerer!
Okawaru accepts your kill.
Your base Maces & Flails skill increases to level 15!
Throwing (i - inventory. (,) - cycle):
q - 3 steel tomahawks (quivered)
Press: ? - help, Shift-Dir - straight line, f - deep elf annihilator
Aim: a deep elf annihilator, wielding a short sword You throw a steel tomahawk.
The steel tomahawk hits the deep elf annihilator.
The deep elf annihilator is lightly wounded.
The deep elf annihilator gestures at you while chanting.
The bolt of lightning hits you!
* * * LOW HITPOINT WARNING * * *
The bolt of lightning misses you.
The deep elf annihilator casts a spell at you.
The poison arrow hits you!
You are poisoned.
You partially resist.
You die...

* ******* * **,,,,,** *
**,,,,,,,** *
****#####+,,,,,,,+********* *
**,,......*,,,,,,,*,,,,,,,,* *
***,,,......#*,,,,,**,,,,,,,,, *
*,,,,,.......###****,,,,,,,,,, *
**,,,,...e...))(# *,,,,,,,,,,,,
***,,,,,........@(##*,,,,,,,,,,,,
**,,,,,,.###...e.ยง(#,,,,,,,***,,,
**,,,,,,** ##.(....+,,,,,,** **,,
**,,,,,** ##.....+,,,,,** **,
**,,,,,* #..$..+,,,,,* *,
**,,,,,** *#....(#,,,,,** **,
**,,,,,,** *#......+,,,,,,** **,,
**,,,,,,,**#.......#,,,,,,,***,,,
***,,,,,,,.......(##*,,,,,,,,,,,,


You could see 2 deep elf annihilators.

Vanquished Creatures
  Norris (Spider:3)
  Arachne (Spider:3)
  A deep elf blademaster (Elf:3)
  A tentacled starspawn (WizLab)
  An eldritch tentacle (WizLab)
  Rupert (Lair:5)
  Agnes (Spider:4)
  Kirke (Elf:2)
  Donald (Spider:3)
  2 deep elf sorcerers
  3 ghost moths
  7 emperor scorpions
  3 deep elf demonologists (Elf:3)
  Azrael (D:15)
  A purple draconian (WizLab)
  A minotaur (Lab)
  9 slime creatures
  Josephine (Spider:1)
  A deep elf high priest (Elf:3)
  A vault guard (D:14)
  12 hydras
  3 centaur warriors
  A rakshasa (D:14)
  11 death yaks
  2 ogre magi
  5 dancing weapons (Elf:2)
  3 orc high priests (Orc:4)
  The ghost of Charly the Cleaver, an experienced DDBe of Trog (D:10)
  A fire crab (shapeshifter) (D:15)
  16 deep elf knights
  2 unseen horrors (D:14)
  11 deep elf summoners
  An obsidian statue (WizLab)
  2 wizards (WizLab)
  5 orc knights
  A lindwurm (Lair:8)
  5 hill giants
  A mana viper (shapeshifter) (D:15)
  A wolf spider zombie (D:14)
  17 orb spiders
  3 griffons
  3 cyclopes
  9 deep elf conjurers
  16 wolf spiders
  7 ugly things (D:14)
  4 orc sorcerers
  A shining eye (shapeshifter) (D:15)
  6 manticores
  4 moths of wrath
  A worldbinder (WizLab)
  An apocalypse crab (WizLab)
  A salamander (D:15)
  6 hornets
  5 black mambas
  A frost giant skeleton (WizLab)
  3 centaur zombies
  An efreet (WizLab)
  A guardian serpent (WizLab)
  2 gargoyles
  A torpor snail (Lair:6)
  4 fire drakes
  Psyche (Orc:1)
  28 deep elf magi
  12 spiny frogs
  An elf (shapeshifter) (Elf:2)
  5 komodo dragons
  A kobold demonologist (D:15)
  A hellwing (Orc:4)
  A yaktaur (D:15)
  An ancient zyme (WizLab)
  A wandering mushroom (Lair:7)
  32 jumping spiders
  4 deep elf priests
  15 demonic crawlers
  2 tengu conjurers (D:13)
  A minotaur zombie (Lab)
  2 spriggan druids (Lair:8)
  2 freezing wraiths
  15 polar bears
  14 trolls
  A wind drake (WizLab)
  Sonja (Orc:2)
  9 two-headed ogres
  Prince Ribbit (D:5)
  8 boulder beetles
  A trapdoor spider zombie (D:11)
  4 ravens
  22 blink frogs
  A raiju (WizLab)
  51 redbacks
  2 large abominations (WizLab)
  A basilisk (Lair:6)
  14 spriggans (Lair:8)
  44 yaks
  34 trapdoor spiders
  31 tarantellas
  2 small abominations
  3 wyverns
  Eustachio (D:7)
  2 hungry ghosts (D:9)
  15 deep elf fighters
  A neqoxec (Elf:1)
  3 steam dragons
  3 fire elementals (D:15)
  A human (D:11)
  3 spatial vortices (WizLab)
  3 hogs (Elf:2)
  5 wraiths
  7 hippogriffs
  2 wargs
  33 wolves
  Edmund (Orc:1)
  3 insubstantial wisps (WizLab)
  Menkaure (D:5)
  17 swamp worms (Lair:4)
  17 vampire mosquitoes
  An orb spider zombie (Spider:1)
  13 water moccasins
  12 orc warriors
  3 mottled dragons
  20 ice beasts
  19 ogres
  15 porcupines
  6 hell hounds
  6 black bears
  A phantom (D:5)
  2 eyes of draining
  A boggart (WizLab)
  32 spiders
  4 wasps
  5 boring beetles
  A necrophage (D:10)
  2 sky beasts
  9 centaurs
  A boring beetle (shapeshifter) (D:15)
  5 big kobolds
  19 giant frogs
  15 crocodiles
  An earth elemental (WizLab)
  A gnoll sergeant (D:6)
  A wyvern zombie (D:12)
  2 wyvern skeletons
  5 jellies
  2 water moccasin zombies (Ossuary)
  8 scorpions
  3 killer bees (D:10)
  10 wights
  2 goliath beetles
  A yak skeleton (Orc:4)
  2 quasits
  A giant frog zombie (D:6)
  6 crimson imps
  19 orc priests
  10 electric eels
  5 centaur skeletons
  13 hounds
  An iron imp (D:7)
  21 hell rats
  3 giant frog skeletons
  8 iguanas
  31 orc wizards
  Natasha (twice) (D:4)
  15 worker ants
  16 sheep
  5 big kobold zombies (Ossuary)
  Ijyb (D:3)
  A hound zombie (D:8)
  Terence (D:2)
  2 mummies (Ossuary)
  24 adders
  9 gnolls (D:6)
  83 river rats
  A hound simulacrum (D:9)
  6 shadow imps
  A giant mite (D:2)
  A worker ant simulacrum (D:9)
  4 ufetubi
  3 white imps
  12 worms
  2 adder zombies (Ossuary)
  3 adder skeletons
  9 giant geckos
  2 oozes (D:4)
  120 orcs
  A bat zombie (D:7)
  6 giant cockroaches
  5 gnoll zombies (Ossuary)
  17 goblins
  26 hobgoblins
  5 jackals
  20 quokkas
  A ball python (D:4)
  13 bats
  12 giant newts
  A giant spore (D:15)
  4 hobgoblin zombies (Ossuary)
  2 jackal skeletons
  A jackal zombie (D:6)
  37 kobolds
  8 kobold zombies (Ossuary)
  6 orc zombies
  A quokka skeleton (D:4)
  A quokka zombie (D:5)
  25 rats
  6 rat skeletons (Orc:4)
  3 ballistomycetes (D:15)
  A fungus (Elf:1)
  3 plants
  A starspawn tentacle (WizLab)
1584 creatures vanquished.

Vanquished Creatures (others)
  A deep elf master archer (Elf:3)
  A ghost moth (Spider:5)
  A deep elf conjurer (Elf:2)
  A worldbinder (WizLab)
  A wolf spider (D:15)
  A tengu conjurer (D:14)
  A deep elf mage (Elf:1)
  A redback (Spider:5)
  2 deep elf fighters
  An orc warrior (Orc:4)
  A boggart (WizLab)
  A crocodile (Lair:8)
  A centaur (D:15)
  An orc wizard (Orc:4)
  2 hell rats (Elf:1)
  A goblin (Orc:3)
  2 rat skeletons (Orc:4)
  2829 eldritch tentacle segments (WizLab)
  52 fungi
  23 plants
  A starspawn tentacle (WizLab)
  26 starspawn tentacle segments (WizLab)
2951 creatures vanquished.

Grand Total: 4535 creatures vanquished

Notes
Turn   | Place    | Note
--------------------------------------------------------------
     0 | D:1      | dvd, the Minotaur Fighter, began the quest for the Orb.
     0 | D:1      | Reached XP level 1. HP: 19/19 MP: 1/1
   102 | D:1      | Reached XP level 2. HP: 24/27 MP: 1/1
   532 | D:1      | Reached skill level 4 in Armour
   900 | D:1      | Reached XP level 3. HP: 26/33 MP: 2/2
  1339 | D:2      | Noticed Terence
  1358 | D:2      | Killed Terence
  1454 | D:2      | Reached XP level 4. HP: 41/41 MP: 2/2
  2356 | D:3      | Noticed a sky beast
  2366 | D:3      | Killed a sky beast
  2366 | D:3      | Reached skill level 1 in Slings
  2366 | D:3      | Reached skill level 1 in Dodging
  2366 | D:3      | Reached XP level 5. HP: 47/47 MP: 2/2
  2619 | D:3      | Found a sparkling altar of Nemelex Xobeh.
  2690 | D:3      | Noticed Ijyb
  2707 | D:3      | Killed Ijyb
  2708 | D:3      | Reached skill level 5 in Armour
  3179 | D:4      | Reached XP level 6. HP: 53/53 MP: 3/3
  3208 | D:4      | Reached skill level 5 in Shields
  3246 | D:4      | Reached skill level 1 in Maces & Flails
  3486 | D:4      | Noticed Natasha
  3492 | D:4      | Killed Natasha
  3615 | D:4      | Reached XP level 7. HP: 60/60 MP: 3/3
  3820 | D:4      | Found a stormy altar of Qazlal.
  3827 | D:4      | Found an iron altar of Okawaru.
  3828 | D:4      | Found a sacrificial altar of Ru.
  3830 | D:4      | Found a bloodstained altar of Trog.
  3831 | D:4      | Found a basalt altar of Yredelemnul.
  3836 | D:4      | Found a shadowy altar of Dithmenos.
  3842 | D:4      | Became a worshipper of Warmaster Okawaru
  3871 | D:4      | Found Fehiet's Magic Scroll Shoppe.
  3974 | D:4      | Reached skill level 5 in Fighting
  4129 | D:4      | Noticed Natasha
  4135 | D:4      | Killed Natasha
  4159 | D:4      | Found a glowing golden altar of the Shining One.
  4464 | D:5      | Entered Level 5 of the Dungeon
  4704 | D:5      | Noticed Prince Ribbit
  4729 | D:5      | Reached skill level 6 in Armour
  4741 | D:5      | Killed Prince Ribbit
  4741 | D:5      | Acquired Okawaru's first power
  4743 | D:5      | Noticed Menkaure
  4831 | D:4      | Reached XP level 8. HP: 38/69 MP: 3/3
  5022 | D:5      | Killed Menkaure
  5137 | D:5      | Found a staircase to the Ecumenical Temple.
  5143 | Temple   | Entered the Ecumenical Temple
  5234 | D:5      | Reached skill level 7 in Armour
  5703 | D:5      | Reached skill level 1 in Stealth
  6247 | D:6      | Reached skill level 5 in Slings
  6288 | D:6      | Found a deep blue altar of Sif Muna.
  6628 | D:6      | Reached XP level 9. HP: 36/75 MP: 4/4
  6699 | D:6      | Found a sand-covered staircase.
  6704 | Ossuary  | Entered an ossuary
  7059 | Ossuary  | Reached skill level 8 in Armour
  7733 | D:7      | Noticed Eustachio
  7869 | D:7      | Killed Eustachio
  7958 | D:7      | Found Mumappua's Armour Boutique.
  8111 | D:7      | Reached skill level 5 in Maces & Flails
  8308 | D:7      | Found a blossoming altar of Fedhas.
  8448 | D:7      | Gained mutation: You are frail (-10% HP). [potion of mutation]
  8448 | D:7      | Gained mutation: You tend to lose your temper in combat. [potion of mutation]
  8448 | D:7      | Gained mutation: You have large cloven feet. [potion of mutation]
  8450 | D:7      | Lost mutation: You tend to lose your temper in combat. [potion of cure mutation]
  8450 | D:7      | Lost mutation: You are frail (-10% HP). [potion of cure mutation]
  8450 | D:7      | Lost mutation: You have large cloven feet. [potion of cure mutation]
  9221 | D:8      | Reached skill level 9 in Armour
  9239 | D:8      | Received a gift from Okawaru
  9378 | D:8      | Reached XP level 10. HP: 77/84 MP: 4/4
  9980 | D:8      | Noticed a komodo dragon
  9997 | D:8      | Killed a komodo dragon
 10196 | D:8      | Found a staircase to the Lair.
 10275 | Lair:1   | Entered Level 1 of the Lair of Beasts
 10347 | Lair:1   | Reached skill level 5 in Dodging
 10838 | Lair:1   | You fall through a shaft!
 10946 | Lair:2   | Found a labyrinth entrance.
 10962 | Lab      | Entered a labyrinth
 11764 | Lab      | Noticed a minotaur
 11775 | Lab      | Killed a minotaur
 11775 | Lab      | Received a gift from Okawaru
 11838 | Lab      | Identified the Compendium of Domination
 12106 | Lair:2   | Identified the Tome of Helpful Ice
 12194 | Lair:2   | Got a pitted ring mail
 12205 | Lair:2   | Identified the +2 ring mail of Lies {+Blink Slay+3 Stlth+} (You found it on level 2 of the Lair of Beasts)
 12278 | Lair:2   | Reached skill level 10 in Armour
 12714 | Lair:2   | Noticed a seven-headed hydra
 12748 | Lair:2   | Killed a seven-headed hydra
 12748 | Lair:2   | Received a gift from Okawaru
 12748 | Lair:2   | Reached XP level 11. HP: 49/94 MP: 4/4
 13650 | Lair:2   | Received a gift from Okawaru
 13657 | Lair:2   | Reached skill level 10 in Shields
 13956 | Lair:3   | Acquired Okawaru's second power
 14378 | Lair:3   | Received a gift from Okawaru
 14567 | Lair:3   | Got a crystal demon blade
 14580 | Lair:3   | Identified the +0 demon blade "Zainifik" {flame, MR+ Dex+5} (You found it on level 3 of the Lair of Beasts)
 14861 | Lair:4   | Identified a scroll of acquirement
 14862 | Lair:4   | Got a pair of distressingly furry gloves
 14868 | Lair:4   | Identified the +0 pair of gloves of the Frog {rPois Dex+5} (You acquired it on level 4 of the Lair of Beasts)
 14994 | Lair:4   | Reached skill level 1 in Throwing
 15061 | Lair:4   | Found a frozen archway.
 15150 | Lair:4   | Received a gift from Okawaru
 15151 | Lair:4   | Found a hole to the Spider Nest.
 15454 | IceCv    | Entered an ice cave
 15454 | IceCv    | Noticed Miyamura's ghost (powerful TrWz)
 15567 | Lair:4   | Reached skill level 11 in Shields
 15571 | Lair:4   | Received a gift from Okawaru
 15575 | Lair:4   | Reached skill level 1 in Invocations
 15611 | Lair:4   | Reached XP level 12. HP: 83/104 MP: 6/6
 16880 | Lair:4   | Found a staircase to the Swamp.
 16985 | Spider:1 | Entered Level 1 of the Spider Nest
 17099 | Spider:1 | Reached skill level 10 in Slings
 17209 | Spider:1 | Noticed Josephine
 17693 | Spider:1 | Killed Josephine
 18145 | Spider:1 | Received a gift from Okawaru
 18145 | Spider:1 | Reached skill level 10 in Fighting
 18278 | Spider:1 | Reached skill level 12 in Shields
 19457 | Spider:2 | Reached XP level 13. HP: 113/113 MP: 7/7
 19517 | Spider:2 | Received a gift from Okawaru
 19527 | Spider:2 | Noticed an emperor scorpion
 20683 | Spider:2 | Killed an emperor scorpion
 20761 | Spider:2 | Killed a ghost moth
 21003 | Spider:2 | Reached skill level 10 in Maces & Flails
 21120 | Spider:2 | Reached skill level 1 in Evocations
 21444 | Spider:2 | Noticed an emperor scorpion
 21480 | Spider:2 | Killed an emperor scorpion
 21661 | Spider:1 | Reached skill level 13 in Shields
 21742 | Spider:1 | Received a gift from Okawaru
 21745 | Spider:1 | Got a brightly glowing hat {god gift}
 21751 | Spider:1 | Identified the +2 hat of the Journeyman {rCorr} (Okawaru gifted it to you on level 1 of the Spider Nest)
 22137 | D:9      | Got a smoking mace
 22138 | D:9      | Identified the +5 mace "Qehae" {holy, MR+ Int+4 Stlth-} (You found it on level 9 of the Dungeon)
 23071 | D:10     | Entered Level 10 of the Dungeon
 23125 | D:10     | Noticed Charly's ghost (experienced DDBe)
 23135 | D:10     | Killed Charly's ghost
 24472 | D:11     | You fall through a shaft for 2 floors!
 24524 | D:13     | Reached XP level 14. HP: 92/122 MP: 8/8
 25802 | D:11     | Found a staircase to the Orcish Mines.
 26457 | D:12     | Received a gift from Okawaru
 28096 | D:13     | Got a fine golden amulet
 28098 | D:13     | Identified the amulet "Twoen" {Clar rF- rN+ Str+3 Dex+3} (You found it on level 13 of the Dungeon)
 28377 | D:14     | Reached skill level 14 in Shields
 28742 | D:14     | Received a gift from Okawaru
 29542 | D:14     | Found a gate to the Vaults.
 29706 | D:14     | Received a gift from Okawaru
 29855 | D:14     | Reached skill level 15 in Shields
 29898 | D:15     | Entered Level 15 of the Dungeon
 30143 | D:15     | Found a stormy altar of Qazlal.
 30286 | D:15     | Reached XP level 15. HP: 120/130 MP: 11/11
 30920 | D:15     | Found a staircase to the Depths.
 31002 | D:15     | Received a gift from Okawaru
 31027 | D:15     | Noticed Azrael
 31045 | D:15     | Killed Azrael
 31384 | D:15     | Reached skill level 10 in Dodging
 32266 | Spider:3 | Noticed Arachne
 32304 | Spider:3 | Noticed Norris
 32332 | Spider:3 | Killed Norris
 32338 | Spider:3 | Got a fine buckler
 32349 | Spider:3 | Identified the -2 buckler of Calculation {-Tele rC++} (You took it off Norris on level 3 of the Spider Nest)
 32999 | Spider:3 | Noticed Donald
 33014 | Spider:3 | Killed Donald
 33370 | Spider:3 | Received a gift from Okawaru
 33788 | Spider:3 | Killed Arachne
 33788 | Spider:3 | Reached skill level 15 in Slings
 34317 | Spider:4 | Noticed Agnes
 34340 | Spider:4 | Killed Agnes
 34340 | Spider:4 | Reached skill level 16 in Shields
 35273 | Spider:4 | Received a gift from Okawaru
 35529 | Spider:5 | Entered Level 5 of the Spider Nest
 36555 | Spider:5 | Reached XP level 16. HP: 139/139 MP: 12/12
 37550 | Spider:5 | Received a gift from Okawaru
 37952 | Spider:5 | Got a gossamer rune of Zot
 38032 | Spider:5 | Received a gift from Okawaru
 38032 | Spider:5 | Reached skill level 17 in Shields
 38036 | Spider:5 | Got a twisted chain mail {god gift}
 38047 | Spider:5 | Identified the +2 chain mail of Cyoddob {rN+ Int-4 Dex+6} (Okawaru gifted it to you on level 5 of the Spider Nest)
 38532 | Lair:5   | Noticed Rupert
 38569 | Lair:5   | Killed Rupert
 40238 | Lair:6   | Got a bound diamond amulet
 40246 | Lair:6   | Identified the amulet "Remoir" {+Rage rN+} (You found it on level 6 of the Lair of Beasts)
 40297 | Lair:6   | Found a runed door.
 40309 | Lair:6   | Reached skill level 1 in Staves
 40332 | Lair:6   | Identified the Incunabulum of Calling
 41401 | Lair:8   | Entered Level 8 of the Lair of Beasts
 42027 | Lair:8   | HP: 4/141 [young spriggan druid/angry trees (10)]
 42033 | Lair:8   | Found a viscous altar of Jiyva.
 42033 | Lair:8   | Found a staircase to the Slime Pits.
 42419 | Lair:8   | Reached XP level 17. HP: 148/148 MP: 13/14
 42427 | Lair:7   | Reached skill level 18 in Shields
 42729 | Lair:8   | Received a gift from Okawaru
 44471 | Orc:1    | Entered Level 1 of the Orcish Mines
 44475 | Orc:1    | Noticed Psyche
 44481 | Orc:1    | Killed Psyche
 44864 | Orc:1    | Noticed Edmund
 44872 | Orc:1    | Killed Edmund
 45128 | Orc:2    | Noticed Sonja
 45136 | Orc:2    | Killed Sonja
 45141 | Orc:2    | Reached skill level 1 in Long Blades
 45141 | Orc:2    | Reached skill level 1 in Axes
 45141 | Orc:2    | Reached XP level 18. HP: 155/157 MP: 14/17
 45265 | Orc:2    | Found a dark tunnel.
 45275 | Volcano  | Entered a volcano
 45607 | Orc:2    | Found a deep blue altar of Sif Muna.
 46059 | Orc:3    | Found Shrugi's Magic Scroll Shop.
 46073 | Orc:3    | Bought a scroll of enchant armour for 127 gold pieces
 46141 | Orc:3    | Found a staircase to the Elven Halls.
 46279 | Orc:4    | Entered Level 4 of the Orcish Mines
 46733 | Orc:4    | Received a gift from Okawaru
 46900 | Orc:4    | Found Jecoifom's Armour Shop.
 46900 | Orc:4    | Found Kuptenk's General Store.
 46901 | Orc:4    | Found Mnuasatt's Antique Weapon Shop.
 46902 | Orc:4    | Found Pionocos' Assorted Antiques.
 46914 | Orc:4    | Bought a scroll of enchant armour for 97 gold pieces
 46917 | Orc:4    | Bought a scroll of enchant armour for 217 gold pieces
 47286 | Elf:1    | Entered Level 1 of the Elven Halls
 47491 | Elf:1    | Found a magical portal.
 47547 | WizLab   | Entered The Roulette of Golubria
 47552 | WizLab   | Found a corrupted altar of Lugonu.
 48172 | WizLab   | Received a gift from Okawaru
 48225 | WizLab   | Identified the Catalogue of the Compass (You found it in a wizard's laboratory)
 48305 | WizLab   | Got a jewelled cloak
 48357 | WizLab   | Identified the +1 cloak of the Pit {MR+} (You found it in a wizard's laboratory)
 49128 | Elf:1    | You fall through a shaft!
 49169 | Elf:2    | Reached skill level 19 in Shields
 49291 | Elf:2    | Noticed Kirke
 49292 | Elf:2    | Found a deep blue altar of Sif Muna.
 50141 | Elf:1    | Noticed SirRandom's ghost (mighty FoFi)
 50504 | Elf:1    | Identified the Reference Book on the Entourage (You found it on level 1 of the Elven Halls)
 51037 | Elf:2    | Found Mnun's Food Boutique.
 51124 | Elf:2    | Received a gift from Okawaru
 51254 | Elf:2    | Reached XP level 19. HP: 105/165 MP: 18/18
 51285 | Elf:2    | Found a runed gate.
 51285 | Elf:2    | Found a runed gate.
 51286 | Elf:2    | Found a runed gate.
 51425 | Elf:2    | Killed Kirke
 51502 | Elf:2    | Reached skill level 5 in Throwing
 51794 | Elf:2    | Received a gift from Okawaru
 51949 | Elf:3    | Entered Level 3 of the Elven Halls
 52702 | Elf:3    | Reached skill level 15 in Maces & Flails
 52704 | Elf:3    | Killed from afar by a deep elf annihilator

Action                   |  1- 3 |  4- 6 |  7- 9 | 10-12 | 13-15 | 16-18 | 19-21 || total
-------------------------+-------+-------+-------+-------+-------+-------+-------++-------
Melee: Trident           |   115 |    14 |       |       |       |       |       ||   129
       Mace              |       |   156 |   510 |   751 |  1294 |  1879 |    59 ||  4649
       Staff             |       |       |       |    20 |       |   690 |       ||   710
       Greatsling        |       |       |       |       |    16 |       |       ||    16
       Unarmed           |       |       |       |       |       |     5 |       ||     5
 Fire: Hunting sling     |    12 |    46 |   159 |    97 |       |       |       ||   314
       Greatsling        |       |       |       |   169 |   796 |   120 |    43 ||  1128
Throw: Stone             |     2 |       |       |       |       |       |       ||     2
       Throwing net      |     3 |     1 |       |       |     1 |       |       ||     5
       Tomahawk          |       |       |       |    15 |    28 |   136 |    17 ||   196
Invok: Heroism           |       |       |     2 |     7 |    13 |    20 |     2 ||    44
Evoke: Wand              |       |       |       |     3 |    23 |     4 |     4 ||    34
       Deck              |       |       |       |       |     2 |       |       ||     2
  Use: Scroll            |       |     9 |    15 |    17 |    24 |    18 |     7 ||    90
       Potion            |       |     5 |     9 |     4 |    14 |    20 |     1 ||    53
 Stab: Held in net/web   |     1 |       |       |       |       |       |       ||     1
       Fleeing           |       |       |       |       |       |     1 |       ||     1
  Eat: Chunk             |     2 |     7 |     5 |    13 |    19 |    28 |     1 ||    75
       Meat ration       |       |       |     2 |     3 |     5 |     3 |       ||    13
       Bread ration      |       |       |     1 |     1 |     1 |     1 |       ||     4
       Beef jerky        |       |       |       |     1 |     3 |     1 |       ||     5
       Royal jelly       |       |       |       |       |     2 |     1 |     1 ||     4
       Fruit             |       |       |       |       |       |       |     9 ||     9
